 Dungeon Crawl Stone Soup version 0.31-a0-1591-g515db51633 (webtiles) character file.

Game seed: 11517861387101375530

286 Lobster4 the Grave Robber (level 6, 0/44 HPs)
             Began as a Mummy Necromancer on Jan 6, 2024.
             Was an Initiate of Sif Muna.
             Slain by a phantom (5 damage)
             ... on level 4 of the Dungeon.
             The game lasted 00:12:58 (2965 turns).

Lobster4 the Grave Robber (Mummy Necromancer)       Turns: 2965, Time: 00:12:59

Health: 0/44       AC:  2    Str: 11    XL:     6   Next: 8%
Magic:  11/11      EV: 12    Int: 16    God:    Sif Muna [......]
Gold:   139        SH:  0    Dex: 19    Spells: 8/12 levels left

rFire   . . .        n - +3 dagger (speed)
rCold   + . .        (no shield)
rNeg    + + +        a - +0 robe
rPois   ∞            (no helmet)
rElec   .            m - scarf {+Inv}
rCorr   .            (no gloves)
SInv    .            (no boots)
Will    .....        o - amulet of the acrobat
Stlth   ++           v - +6 ring of dexterity
HPRegen 0.27/turn    w - ring of protection from fire
MPRegen 0.12/turn

%: acrobat, faith
@: no status effects
A: cold resistance 1, negative energy resistance 3, torment resistance 2, heat
vulnerability 1, in touch with death 1, no potions, faith
a: Renounce Religion, Evoke Invisibility


You were on level 4 of the Dungeon.
You worshipped Sif Muna.
Sif Muna was noncommittal.
You visited 1 branch of the dungeon, and saw 4 of its levels.

You collected 139 gold pieces.

Inventory:

Hand Weapons
 e - a +0 dagger
 j - a +0 short sword
 n - a +3 dagger of speed (weapon)
 s - a +0 trident
 y - a +0 orcbow
Missiles
 c - 52 stones
 f - 2 poisoned darts
Armour
 a - a +0 robe (worn)
 b - a +0 leather armour
 m - a scarf of invisibility (worn)
 x - a +0 ring mail
Magical Staves
 i - a staff of earth
Jewellery
 l - a ring of flight
 o - an amulet of the acrobat (around neck)
 t - a +6 ring of strength
 v - a +6 ring of dexterity (left hand)
 w - a ring of protection from fire (right hand)
Scrolls
 g - a scroll of fog {unknown}
 h - a scroll of enchant armour {unknown}
 k - a scroll of fear {unknown}
 p - a scroll of silence {unknown}
 q - a scroll of poison {unknown}
 r - 4 scrolls of identify {unknown}


   Skills:
 + Level 2.2 Fighting
 + Level 1.8 Armour
 - Level 2.0 Dodging
 - Level 2.0 Stealth
 + Level 3.9 Spellcasting
 + Level 4.6 Necromancy
 + Level 0.7 Earth Magic
 + Level 1.0 Invocations
 + Level 1.3 Evocations


You had 8 spell levels left.
You knew the following spells:

 Your Spells              Type           Power      Damage    Failure   Level
a - Necrotise             Necr           100%       1d9       2%          1
b - Vampiric Draining     Necr           27%        2d7       8%          3

Your spell library contained the following spells:

 Spells                   Type           Power      Damage    Failure   Level
 Sandblast                Erth           10%        2d5       12%         1
 Animate Dead             Necr           27%        N/A       24%         4
 Blink                    Tloc           6%         N/A       26%         2
 Lesser Beckoning         Tloc           6%         N/A       26%         2
 Mercury Vapours          Alch/Air       6%         N/A       26%         2
 Momentum Strike          Conj/Tloc      6%         3d8       26%         2
 Passwall                 Erth           5%         N/A       36%         3
 Stone Arrow              Conj/Erth      8%         3d7       41%         3
 Mephitic Cloud           Conj/Alch/Air  3%         N/A       45%         3
 Curse of Agony           Necr           27%        N/A       56%         5
 Brom's Barrelling Bould  Conj/Erth      4%         2d3       82%         4
 Freezing Cloud           Conj/Ice/Air   1%         6-21      99%         5


Dungeon Overview and Level Annotations

Branches:
Dungeon (4/15)
 Temple: D:4-7

Altars:
Ashenzari
Sif Muna


Innate Abilities, Weirdness & Mutations

You are immune to poison.
Your flesh is cold resistant. (rC+)
You are immune to negative energy. (rN+++)
You are immune to unholy pain and torment.
You are vulnerable to heat. (rF-)
You are in touch with the powers of death.
You do not drink.
You have a special connection with the divine. (Faith)


Message History

The phantom is heavily damaged.
The phantom closely misses you.
You hit the phantom.
The phantom is heavily damaged.
The phantom hits you.
You miss the phantom.
The phantom is heavily damaged.
You hit the phantom.
The phantom is heavily damaged.
The phantom misses you.
The orc wizard shouts!
You hit the phantom.
The phantom is severely damaged.
The orc wizard casts a spell at you. The puff of flame hits you!
The phantom hits you!
* * * LOW HITPOINT WARNING * * *
You hit the phantom.
You punch the phantom, but do no damage.
The phantom is almost destroyed.
The phantom barely misses you.
You closely miss the phantom.
The phantom is almost destroyed.
You hit the phantom.
The phantom is almost destroyed.
The phantom hits you.
* * * LOW HITPOINT WARNING * * *
You can't drink.
As you read the scroll labelled ENNADE HUOLL, it crumbles to dust.
It is a scroll of enchant weapon.
Your +2 dagger of speed glows red for a moment.
The phantom closely misses you.
You hit the phantom.
The phantom is almost destroyed.
You closely miss the phantom.
The phantom is almost destroyed.
The phantom barely misses you.
You miss the phantom.
The phantom is almost destroyed.
The phantom hits you.
You die...

#.# #.....## #.# #..#.##
#### ####.# #...#.# #...
#....### #..#...######.##
#.#....#####.##..##......#
.. #.##...##..
#####.###### ...
.#.####....######..# ...
.(.....W.........## ..
.##......@.o.###### . ..
#.......##..####### ..
#......####.##....# . ...
#......# #.......###...
... #..(...#
###..>.O$..... ########
##.....##.). #.....# O
#....## #....#


You could see a phantom and an orc wizard.

Vanquished Creatures
  An ogre (D:4)
  2 bombardier beetles
  An orc priest (D:4)
  An iguana (D:4)
  3 adders
  2 dart slugs (D:2)
  5 endoplasms
  2 giant cockroaches
  8 goblins
  4 hobgoblins
  6 kobolds
  2 quokkas
  5 ball pythons
  7 bats
  5 frilled lizards
  6 rats
60 creatures vanquished.

Notes
Turn   | Place    | Note
-------+----------+-------------------------------------------
     0 | D:1      | Lobster4 the Mummy Necromancer began the quest for the Orb.
     0 | D:1      | Reached XP level 1. HP: 13/13 MP: 4/4
   273 | D:1      | Reached XP level 2. HP: 20/20 MP: 1/5
   975 | D:2      | Reached skill level 1 in Fighting
   983 | D:2      | Reached XP level 3. HP: 26/26 MP: 4/7
  1077 | D:2      | Found a broken altar of Ashenzari.
  1499 | D:2      | Reached skill level 1 in Armour
  1745 | D:3      | Reached XP level 4. HP: 32/32 MP: 6/8
  1835 | D:3      | Found a shimmering blue altar of Sif Muna.
  2442 | D:3      | Became a worshipper of Sif Muna the Loreminder
  2507 | D:4      | Noticed an ogre
  2579 | D:4      | Reached XP level 5. HP: 38/38 MP: 6/10
  2615 | D:4      | Learned a level 3 spell: Vampiric Draining
  2634 | D:4      | Noticed an ogre
  2636 | D:4      | Reached skill level 1 in Evocations
  2714 | D:4      | Killed an ogre
  2820 | D:4      | Identified the +2 battleaxe "Qanleh" {protect, rCorr}
  2846 | D:4      | Reached skill level 1 in Invocations
  2846 | D:4      | Reached XP level 6. HP: 39/44 MP: 6/11
  2965 | D:4      | Slain by a phantom

Illustrated notes

Levels and vault maps discovered:
D:1:      spicycebolla_green_bress_n_ham, layout_loops_ring
D:2:      layout_rooms, basic_altar, chequers_big_river
D:3:      layout_basic, hellmonk_sif_muna_bookshelves
D:4:      layout_rooms, minmay_misc_feat_diagonals, sigmund_edmund_badplayer

Skill      XL: |  1  2  3  4  5 |
---------------+----------------+-----
Spellcasting   | 3 |  3.9
Fighting       | 1 2 |  2.2
Stealth        | 2 |  2.0
Dodging        | 2 |  2.0
Armour         | 1 |  1.8
Evocations     | 1 |  1.3
Invocations    | 1 |  1.0
Necromancy     | |  4.6
Earth Magic    | |  0.7

Action                     |  1- 3 |  4- 6 || total
---------------------------+-------+-------++-------
  Melee: Club              |     2 |       ||     2
         Dagger            |     7 |    30 ||    37
         Punch             |       |     1 ||     1
  Throw: Throwing net      |       |     3 ||     3
   Cast: Necrotise         |    70 |    43 ||   113
    Use: Scroll            |       |     1 ||     1
   Stab: Distracted        |     1 |       ||     1
 Armour: Robe              |     7 |    17 ||    24
  Dodge: Dodged            |    12 |    12 ||    24

Table legend: (Time is in decaauts)
 A = Elapsed time spent in this place.
 B = Non-inter-level travel time spent in this place.
 C = Inter-level travel time spent in this place.
 D = Time resting spent in this place.
 E = Time spent auto-exploring this place.
 F = Levels seen in this place.
 G = Mean time per level.
                   A        B        C        D        E       F      G
               +--------+--------+--------+--------+--------+-----+--------+
         Total |   2951 |   2646 |    305 |    152 |   1831 |   4 |  737.8 |
       Dungeon |   2951 |   2646 |    305 |    152 |   1831 |   4 |  737.8 |
               +--------+--------+--------+--------+--------+-----+--------+

Top non-repeatable levels by time:
     D:3: 955 daAuts
     D:1: 881 daAuts
     D:2: 719 daAuts
     D:4: 395 daAuts
